[Event "Titled Tuesday Blitz November 15 Late 2022"]
[White "Figorito, Nick"]
[Black "Kumala, Aleksander"]
[WhiteFideId "30923689"]
[BlackFideId "1141880"]
[WhiteElo "2356"]
[BlackElo "2269"]
[Result "0-1"]
[Round "07"]
[TimeControl "180+1"]
[Date "2022.11.16"]
[WhiteClock "0:00:07"]
[BlackClock "0:00:07"]

1. Nf3 d5 2. g3 b5 3. Bg2 Nf6 4. O-O e6 5. d4 Be7 6. b3 O-O 7. Bb2 c5 8. Nbd2 Nbd7 9. c4 bxc4 10. bxc4 Rb8 11. Rb1 Qa5 12. cxd5 Nxd5 13. dxc5 Qxa2 14. c6 Nc5 15. Be5 Rxb1 16. Qxb1 Qa6 17. Qa1 f6 18. Bd4 Qxc6 19. Qxa7 Qc7 20. Qxc7 Nxc7 21. Rc1 N7a6 22. e3 e5 23. Bxc5 Nxc5 24. Ra1 Be6 25. Ra7 Kf7 26. h4 Rd8 27. Nf1 h5 28. Ra1 g6 29. Kh2 Nd3 30. Kg1 Bc5 31. Rd1 Rd7 32. Ne1 Nb4 33. Rxd7+ Bxd7 34. Be4 f5 35. Nd3 Nxd3 36. Bxd3 Be6 37. Nd2 Bb4 38. Nf1 e4 39. Be2 Kf6 40. Kg2 Ke5 41. Nh2 Bd2 42. Bb5 Bf7 43. Kf1 Kd5 44. Ke2 Bc3 45. Ba4 Kc5 46. Kd1 Kb4 47. Bd7 Bb3+ 48. Ke2 Bc4+ 49. Kd1 Bf7 50. Bc6 Kc5 51. Bd7 Kc4 52. Bc6 Kc5 53. Bd7 Bf6 54. Nf1 Bb3+ 55. Ke1 Bc3+ 56. Nd2 Bf7 57. Ke2 Kb4 58. Kd1 Kc5 59. Ke2 Kd6 60. Ba4 Ke7 61. Kd1 Kf6 62. Kc2 Be5 63. Bb3 Be8 64. Bd5 g5 65. hxg5+ Kxg5 66. Kd1 h4 67. gxh4+ Kxh4 68. Ke2 Bh5+ 69. Ke1 Bc3 70. Bc4 Kg5 71. Be2 Be8 72. Kd1 Ba4+ 73. Ke1 f4 74. exf4+ Kxf4 75. Bc4 e3 76. fxe3+ Kxe3 77. Kf1 Bxd2 78. Kg2 Bc6+ 79. Kh3 Kf4 80. Kh2 Be1 81. Kg1 Bg3 82. Kf1 Ke3 83. Ba6 Bf3 84. Bb5 Kf4 85. Kg1 Bh4 86. Kf1 Ke3 87. Kg1 Bf2+ 88. Kh2 Kf4 89. Kh3 Be4 90. Bd7 Kf3 91. Kh2 Bg3+ 92. Kh3 Bd3 93. Be6 Bf1# 0-1


[Site "https://www.chess.com"]

[Event "Titled Tuesday Blitz November 15 Late 2022"]
[White "Firouzja, Alireza"]
[Black "Fedoseev, Vladimir"]
[WhiteFideId "12573981"]
[BlackFideId "24130737"]
[WhiteElo "2903"]
[BlackElo "2726"]
[Result "0-1"]
[Round "07"]
[TimeControl "180+1"]
[Date "2022.11.15"]
[WhiteClock "0:00:02"]
[BlackClock "0:00:17"]

1. e4 c6 2. d4 d5 3. e5 Bf5 4. Nf3 e6 5. Be2 Nd7 6. O-O f6 7. c4 fxe5 8. dxe5 Bc5 9. Nc3 Ne7 10. Na4 O-O 11. Nxc5 Nxc5 12. Be3 Nd7 13. Rc1 Rc8 14. h3 Qc7 15. Bg5 Rfe8 16. Re1 Bg6 17. Nd4 Nf5 18. cxd5 Nxd4 19. Qxd4 exd5 20. Bg4 h5 21. Bf3 Qb6 22. Qf4 Nf8 23. Qg3 Qxb2 24. Bf4 Rcd8 25. Rcd1 Re6 26. Qh4 Rde8 27. g4 hxg4 28. Bxg4 Qxa2 29. Bxe6+ Nxe6 30. Bg3 Qc2 31. Qg4 Bf5 32. Qh5 Rf8 33. Ra1 a6 34. Re3 d4 35. Rf3 Qe4 0-1


[Site "https://www.chess.com"]

[Event "Titled Tuesday Blitz November 15 Late 2022"]
[White "Forgacs, Attila Jr."]
[Black "Sattarov, Bobir"]
[WhiteFideId "773654"]
[BlackFideId "14203081"]
[WhiteElo "2477"]
[BlackElo "2737"]
[Result "0-1"]
[Round "07"]
[TimeControl "180+1"]
[Date "2022.11.16"]
[WhiteClock "0:00:09"]
[BlackClock "0:01:11"]

1. e4 e5 2. Nf3 Nc6 3. Bb5 a6 4. Ba4 Bc5 5. c3 Qf6 6. O-O Nge7 7. Re1 h6 8. d4 Ba7 9. d5 Nb8 10. Be3 O-O 11. Bxa7 Rxa7 12. Nbd2 d6 13. Nf1 Bg4 14. h3 Bxf3 15. Qxf3 Qxf3 16. gxf3 b5 17. Bb3 Nd7 18. Ne3 f5 19. c4 b4 20. a3 Nc5 21. Bc2 b3 22. Bb1 f4 23. Nf1 a5 24. Rd1 Nc8 25. Bd3 Nb6 26. Be2 Raa8 27. Rac1 Nba4 28. Rd2 Rf6 29. Nh2 Rg6+ 30. Kh1 Rf8 31. Rg1 Rxg1+ 32. Kxg1 Rf6 33. Nf1 Rg6+ 34. Kh2 Kf8 35. Bd1 Nb6 36. Be2 Ke7 37. Kh1 Rf6 38. Kh2 Rf8 39. Kg2 Kd7 40. Nh2 c6 41. Ng4 Rc8 42. h4 cxd5 43. cxd5 Ke7 44. h5 Nca4 45. Bd3 Nc4 46. Bxc4 Rxc4 47. Kf1 Rc2 48. Ke2 Rxb2 49. Rxb2 Nxb2 50. Kd2 a4 51. Nh2 Nc4+ 52. Kc3 Nxa3 53. Kb2 Nc4+ 54. Kc3 b2 55. Kc2 a3 56. Kb1 Nd2+ 57. Kc2 b1=Q+ 0-1


[Site "https://www.chess.com"]

[Event "Titled Tuesday Blitz November 15 Late 2022"]
[White "Garcia Ramos, Daniel"]
[Black "Gonzalez, Francisco Silva"]
[WhiteFideId "32010311"]
[BlackFideId "1512285"]
[WhiteElo "2357"]
[BlackElo "2159"]
[Result "1-0"]
[Round "07"]
[TimeControl "180+1"]
[Date "2022.11.16"]
[WhiteClock "0:00:08"]
[BlackClock "0:00:21"]

1. e4 e5 2. Nf3 Nc6 3. Bc4 Bc5 4. c3 Nf6 5. d3 d6 6. h3 a6 7. Bb3 Ba7 8. Nbd2 Ne7 9. Nf1 Ng6 10. Ng3 h6 11. O-O O-O 12. Be3 c5 13. Qd2 Kh7 14. d4 Be6 15. Bxe6 fxe6 16. dxc5 Bxc5 17. Bxc5 dxc5 18. Rad1 Qc8 19. Qd6 Rd8 20. Qb6 Rd7 21. Rxd7 Qxd7 22. Qxc5 Qa4 23. Nxe5 Nxe4 24. Nxe4 Qxe4 25. Nxg6 Kxg6 26. Rd1 Kh7 27. Rd7 Rg8 28. b4 b5 29. a3 Qb1+ 30. Kh2 Qe4 31. Qd4 Qf5 32. Ra7 e5 33. Qe3 Rd8 34. Qg3 Rd7 35. Rxd7 Qxd7 36. Qxe5 Qd3 37. Qd4 Qe2 38. f3 Qf1 39. Qe4+ Kh8 40. Qa8+ Kh7 41. Qxa6 Qc4 42. Qd6 h5 43. Qd4 Qb3 44. Qe5 g6 45. Qxb5 Qxc3 46. Qd7+ Kh6 47. f4 Qxa3 48. Qd4 Kh7 49. b5 Qb3 50. b6 h4 51. Qd7+ Kh6 52. Qg4 Qxb6 53. Qxh4+ Kg7 54. Qe7+ Kg8 55. Qe5 Kh7 56. f5 Qf2 57. f6 Kh6 58. Qd6 Kh5 59. Qd5+ Kh6 60. Qf3 Qxf3 61. gxf3 Kg5 62. f7 Kf6 63. f8=Q+ Kg5 64. Qg7 Kf5 65. Qh6 Kf6 66. h4 Kf7 67. Qg5 Ke6 68. Kg3 Kf7 69. Kg4 Ke6 70. Qxg6+ Ke5 71. Qf5+ Kd4 72. h5 Ke3 73. h6 Kf2 74. h7 Kg2 75. h8=Q Kg1 76. Qc2 1-0


[Site "https://www.chess.com"]

[Event "Titled Tuesday Blitz November 15 Late 2022"]
[White "Ghazarian, Kirk"]
[Black "Gasparyan, David"]
[WhiteFideId "30908604"]
[BlackFideId "13311980"]
[WhiteElo "2346"]
[BlackElo "2328"]
[Result "1-0"]
[Round "07"]
[TimeControl "180+1"]
[Date "2022.11.16"]
[WhiteClock "0:00:55"]
[BlackClock "0:00:01"]

1. d4 b6 2. e4 Bb7 3. Bd3 c5 4. c3 g6 5. Be3 Qc7 6. Nd2 Bg7 7. Ne2 Nf6 8. O-O O-O 9. f3 d6 10. Rc1 Nbd7 11. a4 a6 12. Kh1 Rac8 13. Ng3 Qb8 14. Qe2 Qa8 15. Rfd1 Rfd8 16. d5 Ne5 17. c4 Nxd3 18. Qxd3 Nd7 19. b3 Ne5 20. Qe2 h5 21. h3 Rf8 22. f4 Nd7 23. Nf3 b5 24. Ng5 bxc4 25. bxc4 Rb8 26. f5 Nf6 27. fxg6 fxg6 28. Ne6 Rf7 29. e5 dxe5 30. Bxc5 Bc8 31. Nd8 Bg4 32. hxg4 Rxd8 33. gxh5 gxh5 34. Rf1 Qc8 35. Bg1 Qg4 36. Qxg4 hxg4 37. Be3 Bf8 38. Kg1 Rh7 39. Rf5 Rd6 40. Rxe5 Nd7 41. Rg5+ Rg7 42. Rxg7+ Bxg7 43. c5 Rxd5 44. c6 Nf6 45. c7 1-0


[Site "https://www.chess.com"]

[Event "Titled Tuesday Blitz November 15 Late 2022"]
[White "Gokerkan, Cem Kaan"]
[Black "Averjanov, Alexey"]
[WhiteFideId "6336760"]
[BlackFideId "14109867"]
[WhiteElo "2365"]
[BlackElo "2606"]
[Result "0-1"]
[Round "07"]
[TimeControl "180+1"]
[Date "2022.11.16"]
[WhiteClock "0:02:10"]
[BlackClock "0:02:40"]

1. e4 c6 2. d4 d5 3. e5 Bf5 4. h4 h5 5. c4 e6 6. Nc3 Ne7 7. Nge2 dxc4 8. Ng3 Bg6 9. Bxc4 Nd7 10. Bg5 Qb6 11. O-O Nf5 12. Nxf5 Bxf5 13. Qd2 Qc7 14. Rac1 Nb6 15. Bb3 Be7 16. Nb5 Qd7 17. Bxe7 Kxe7 18. Qc2 Bxc2 0-1


[Site "https://www.chess.com"]

[Event "Titled Tuesday Blitz November 15 Late 2022"]
[White "Goroshkov, Maksym"]
[Black "Li, Xueyi"]
[WhiteFideId "14142716"]
[BlackFideId "8605912"]
[WhiteElo "2257"]
[BlackElo "2197"]
[Result "1-0"]
[Round "07"]
[TimeControl "180+1"]
[Date "2022.11.16"]
[WhiteClock "0:01:33"]
[BlackClock "0:00:17"]

1. e4 c6 2. d4 d5 3. exd5 cxd5 4. c4 Nf6 5. Nc3 Nc6 6. Nf3 a6 7. cxd5 Nxd5 8. Bc4 Be6 9. Qe2 g6 10. O-O Bg7 11. Rd1 O-O 12. Ng5 Nxc3 13. bxc3 Bxc4 14. Qxc4 Rc8 15. Qb3 Na5 16. Qb4 b5 17. Ba3 Nc4 18. Ne4 e6 19. Qb3 Nxa3 20. Qxa3 Qb6 21. Nc5 Ra8 22. Nd7 Qc6 23. Nxf8 Bxf8 24. Qb3 Rc8 25. Rac1 a5 26. d5 exd5 27. Qxd5 Qxd5 28. Rxd5 b4 29. c4 a4 30. Rb5 f5 31. c5 1-0


[Site "https://www.chess.com"]

[Event "Titled Tuesday Blitz November 15 Late 2022"]
[White "Grot, Blazej"]
[Black "Toncheva, Nadya"]
[WhiteFideId "21835845"]
[BlackFideId "2924056"]
[WhiteElo "1822"]
[BlackElo "2101"]
[Result "0-1"]
[Round "07"]
[TimeControl "180+1"]
[Date "2022.11.16"]
[WhiteClock "0:00:01"]
[BlackClock "0:00:19"]

1. e4 c5 2. Nc3 Nc6 3. Bb5 Nd4 4. Nf3 g6 5. Nxd4 cxd4 6. Ne2 Bg7 7. O-O a6 8. Bc4 e6 9. d3 Ne7 10. Bb3 d5 11. exd5 Nxd5 12. Nf4 Nxf4 13. Bxf4 O-O 14. Re1 Bd7 15. a4 Bc6 16. a5 Rc8 17. Qd2 Bd5 18. Bxd5 Qxd5 19. Rec1 Rc5 20. h3 Rfc8 21. Ra3 Qc6 22. Rb3 Rb5 23. Rxb5 Qxb5 24. b3 Rc3 25. Qe2 Qxa5 26. Qf3 Qb5 27. Qe4 Qc6 28. Qe2 h5 29. h4 b5 30. Bg5 a5 31. Kh2 a4 32. bxa4 bxa4 33. Ra1 a3 0-1


[Site "https://www.chess.com"]

[Event "Titled Tuesday Blitz November 15 Late 2022"]
[White "Hajiyev, Kanan"]
[Black "Mirzoev, Azer"]
[WhiteFideId "13404148"]
[BlackFideId "13400304"]
[WhiteElo "2118"]
[BlackElo "2525"]
[Result "0-1"]
[Round "07"]
[TimeControl "180+1"]
[Date "2022.11.16"]
[WhiteClock "0:00:03"]
[BlackClock "0:00:39"]

1. d4 Nf6 2. Nf3 b5 3. g3 Bb7 4. Bg2 e6 5. O-O c5 6. a4 b4 7. c4 bxc3 8. bxc3 Be7 9. Ba3 Na6 10. Nbd2 O-O 11. Rb1 Rb8 12. Ne5 Bxg2 13. Kxg2 Rxb1 14. Qxb1 Qa8+ 15. Kg1 d6 16. Nec4 Nc7 17. Qc2 h6 18. Rb1 Rc8 19. Qb3 Ncd5 20. e4 Nb6 21. Nxb6 axb6 22. f3 d5 23. e5 Nd7 24. Qb5 Rc7 25. f4 Bf8 26. Rf1 cxd4 27. Bxf8 Nxf8 28. cxd4 Rc2 29. Rf2 Qa7 30. Nf3 Rc4 31. Rb2 Nd7 32. Rb4 Rc2 33. Ne1 Ra2 34. h4 Qc7 35. Rb2 Ra1 36. Rb1 Rxb1 37. Qxb1 Qc3 38. Kg2 Qxd4 39. Qb5 Nf8 40. Nf3 Qe3 0-1


[Site "https://www.chess.com"]

[Event "Titled Tuesday Blitz November 15 Late 2022"]
[White "Hakobyan, Aram"]
[Black "Zwirs, Nico"]
[WhiteFideId "13306677"]
[BlackFideId "1036432"]
[WhiteElo "2563"]
[BlackElo "2381"]
[Result "0-1"]
[Round "07"]
[TimeControl "180+1"]
[Date "2022.11.15"]
[WhiteClock "0:01:26"]
[BlackClock "0:00:14"]

1. e4 c5 2. Nc3 d6 3. Bc4 Nf6 4. d3 Nc6 5. Bg5 e6 6. f4 Be7 7. Nf3 a6 8. O-O b5 9. Bb3 Bb7 10. a4 b4 11. Ne2 Na5 12. Ba2 c4 13. b3 c3 14. Kh1 Qb6 15. Qe1 h6 16. Bh4 Nc6 17. Bf2 Qc7 18. Bg1 a5 19. Rd1 O-O 20. Ng3 Rfe8 21. f5 Bf8 22. fxe6 fxe6 23. d4 Ba6 24. Rf2 Ng4 25. Re2 Bxe2 26. Qxe2 Nf6 27. Rf1 Be7 28. Nh4 Rf8 29. Ng6 Rf7 30. Qc4 d5 31. exd5 exd5 32. Qe2 Bd6 33. Nf5 Ne4 34. Qg4 Kh7 35. Ngh4 Rf6 36. Nf3 Raf8 37. Ne3 Qf7 38. Re1 Ne7 39. Nxd5 Qxd5 40. Qxe4+ Qxe4 41. Rxe4 Nd5 42. Bf2 g5 43. h3 R6f7 44. Kg1 Re7 45. Rxe7+ Nxe7 46. Kf1 Nd5 47. Ke2 Kg6 48. g3 h5 49. Ne1 h4 50. gxh4 Nf4+ 51. Kd1 Nxh3 52. Be3 gxh4 53. Ke2 Nf4+ 54. Kf3 Nd5+ 55. Ke4 Nxe3 56. Nf3 Rxf3 57. Kxf3 Nd5 58. Kg4 Be7 59. Kh3 Kf5 60. Bb1 Ke4 61. Ba2 Kxd4 62. Bb1 Ke3 63. Kg4 Kd2 64. Kf5 h3 65. Ke6 h2 66. Kxd5 h1=Q+ 67. Ke6 Qxb1 68. Kxe7 Qxc2 69. Kd6 Qxb3 70. Kc6 Qxa4+ 71. Kb6 b3 72. Ka7 Qb4 73. Ka6 b2 74. Ka7 b1=Q 75. Ka8 Qb7# 0-1


[Site "https://www.chess.com"]

[Event "Titled Tuesday Blitz November 15 Late 2022"]
[White "Halvax, Georg"]
[Black "Storey, Charles H"]
[WhiteFideId "1619543"]
[BlackFideId "406686"]
[WhiteElo "2482"]
[BlackElo "2252"]
[Result "0-1"]
[Round "07"]
[TimeControl "180+1"]
[Date "2022.11.16"]
[WhiteClock "0:00:18"]
[BlackClock "0:00:08"]

1. d4 g6 2. c4 Bg7 3. Nc3 c5 4. d5 f5 5. e4 Bxc3+ 6. bxc3 fxe4 7. f3 Nf6 8. fxe4 d6 9. Bd3 Qa5 10. Bd2 O-O 11. Nf3 Bg4 12. O-O Nbd7 13. Qc2 Bxf3 14. gxf3 Ne5 15. f4 Nxd3 16. Qxd3 b5 17. cxb5 c4 18. Qxc4 Qb6+ 19. Kh1 a6 20. bxa6 Rxa6 21. e5 Nh5 22. a4 Ra5 23. Qd4 Qa6 24. Rf2 Ng7 25. Qe4 Rc8 26. exd6 exd6 27. f5 gxf5 28. Rxf5 Qc4 29. Qxc4 Rxc4 30. Rg1 Raxa4 31. Bh6 Rc7 32. Rfg5 Raa7 33. Rxg7+ Rxg7 34. Rxg7+ Rxg7 35. Bxg7 Kxg7 36. Kg2 Kf6 37. Kf3 Ke5 38. Ke3 Kxd5 39. Kd3 h5 40. h4 Kc5 41. Ke4 Kc4 42. Kf5 Kxc3 43. Kg5 d5 44. Kxh5 d4 45. Kg6 d3 46. h5 d2 47. h6 d1=Q 48. Kg7 Qd7+ 49. Kg8 Qe8+ 50. Kg7 Qe7+ 51. Kg6 Qf8 52. Kh7 Qf7+ 53. Kh8 Qf6+ 54. Kh7 Qg5 55. Kh8 Qxh6+ 0-1


[Site "https://www.chess.com"]

[Event "Titled Tuesday Blitz November 15 Late 2022"]
[White "Hambleton, Aman"]
[Black "Dzierzak, Radoslaw"]
[WhiteFideId "2606577"]
[BlackFideId "1161407"]
[WhiteElo "2538"]
[BlackElo "2111"]
[Result "1-0"]
[Round "07"]
[TimeControl "180+1"]
[Date "2022.11.16"]
[WhiteClock "0:00:02"]
[BlackClock "0:00:03"]

1. d4 Nf6 2. c4 e6 3. Nc3 Bb4 4. Qc2 O-O 5. Nf3 c5 6. dxc5 Na6 7. g3 Nxc5 8. Bg2 b6 9. O-O Bb7 10. Bf4 d6 11. Nb5 e5 12. Bg5 a6 13. a3 axb5 14. axb4 Nce4 15. cxb5 Rc8 16. Qb3 Bd5 17. Qe3 Ng4 18. Qd3 Nxg5 19. Nxg5 Qxg5 20. Qxd5 Rfd8 21. e3 Nf6 22. Qd2 d5 23. Ra6 d4 24. Rxb6 dxe3 25. Qxe3 Qxe3 26. fxe3 Rc2 27. Rc6 Rxb2 28. Rc4 h6 29. b6 Rdd2 30. Bh1 e4 31. b7 Rd8 32. Rc8 Rd2 33. b8=Q 1-0


[Site "https://www.chess.com"]

[Event "Titled Tuesday Blitz November 15 Late 2022"]
[White "Hansen, Sune Berg"]
[Black "Megalios, Konstantinos"]
[WhiteFideId "1400266"]
[BlackFideId "4238044"]
[WhiteElo "2721"]
[BlackElo "2277"]
[Result "0-1"]
[Round "07"]
[TimeControl "180+1"]
[Date "2022.11.16"]
[WhiteClock "0:00:16"]
[BlackClock "0:00:10"]

1. e4 c6 2. d4 d5 3. e5 Bf5 4. Nd2 e6 5. Nb3 Nd7 6. Nf3 a5 7. a4 Bb4+ 8. c3 Be7 9. Be2 Qb6 10. O-O Bg6 11. Ne1 Nh6 12. Nd3 Nf5 13. Nf4 O-O 14. g3 Rac8 15. h4 h6 16. Nxg6 fxg6 17. Bd3 c5 18. Bb5 Nb8 19. Qg4 Kh7 20. Be3 c4 21. Nd2 Na6 22. h5 g5 23. Qd1 Nc7 24. Qc2 Kg8 25. g4 Nh4 26. b3 Nxb5 27. axb5 cxb3 28. Qxb3 Nf3+ 29. Kg2 Nxd2 30. Bxd2 Rc4 31. Rab1 a4 32. Qa2 a3 33. Rb3 Ra8 34. Ra1 Rca4 35. Qc2 a2 36. Rb2 Ra3 37. Rbxa2 Rxa2 38. Rxa2 Rxa2 39. Qxa2 Qxb5 40. Qc2 Qe2 41. Kg3 Qf1 42. Be3 Qg1+ 43. Kf3 Qh1+ 44. Ke2 Qg2 45. Qg6 Qxg4+ 46. Kd2 Qf5 47. Qe8+ Bf8 48. Qd7 b5 49. Qxb5 g4 50. Qe8 Kh7 51. Ke2 Qf3+ 52. Kd2 Qf5 53. Ke2 Ba3 54. Kf1 Bb2 55. Kg2 Bxc3 56. Qc6 Be1 57. Kf1 Bb4 58. Qb5 Be7 59. Qe2 Bh4 60. Kg2 Qe4+ 61. Kh2 Qf3 62. Qxf3 gxf3 63. Kh3 Bg5 64. Kg4 Bxe3 65. Kxf3 Bxd4 66. Kf4 Bxf2 0-1


[Site "https://www.chess.com"]

[Event "Titled Tuesday Blitz November 15 Late 2022"]
[White "Harish, Neeraj"]
[Black "Zhou, Qiyu"]
[WhiteFideId "30958130"]
[BlackFideId "505161"]
[WhiteElo "1815"]
[BlackElo "2101"]
[Result "1-0"]
[Round "07"]
[TimeControl "180+1"]
[Date "2022.11.16"]
[WhiteClock "0:00:31"]
[BlackClock "0:00:02"]

1. e4 c6 2. d4 d5 3. e5 Bf5 4. Nd2 e6 5. Nb3 Ne7 6. Nf3 h6 7. Be2 Nd7 8. O-O g5 9. a4 Bg7 10. a5 a6 11. c3 O-O 12. Bd3 Bg6 13. Be3 f5 14. exf6 Rxf6 15. Ne5 Nxe5 16. dxe5 Rf7 17. Nc5 Qc8 18. f4 gxf4 19. Bxf4 Bxd3 20. Qxd3 Nf5 21. Rae1 Rb8 22. h3 Bf8 23. Na4 Qd8 24. g4 Ne7 25. b4 Bg7 26. Nc5 Qc8 27. Bg3 Rxf1+ 28. Rxf1 b6 29. axb6 Rxb6 30. Qf3 Qe8 31. Nxe6 c5 32. Nxg7 Kxg7 33. bxc5 Rb2 34. e6 Ng6 35. Qf6+ Kh7 36. Qf7+ Qxf7 37. exf7 Nf8 38. c6 Rb6 39. c7 Rc6 40. Re1 Rxc3 41. Re8 Kg7 42. c8=Q 1-0


[Site "https://www.chess.com"]

[Event "Titled Tuesday Blitz November 15 Late 2022"]
[White "Harshal, Shahi"]
[Black "Sariego Figueredo, Wilfredo"]
[WhiteFideId "5048257"]
[BlackFideId "3500080"]
[WhiteElo "2054"]
[BlackElo "2309"]
[Result "1-0"]
[Round "07"]
[TimeControl "180+1"]
[Date "2022.11.16"]
[WhiteClock "0:01:17"]
[BlackClock "0:02:15"]

1. e4 c5 2. Nf3 a6 3. d4 cxd4 4. Nxd4 Nf6 5. Bd3 e5 6. Nb3 Nc6 7. c4 Bb4+ 8. Bd2 O-O 9. O-O Bxd2 10. Qxd2 d6 11. Nc3 Be6 12. Rfd1 Qc7 13. Rac1 Rfd8 14. Nd5 Qb8 15. Nxf6+ gxf6 16. Qh6 Qc7 17. Rc3 Qe7 18. Be2 1-0


[Site "https://www.chess.com"]

[Event "Titled Tuesday Blitz November 15 Late 2022"]
[White "Haszon, David"]
[Black "Vlassov, Nikolai"]
[WhiteFideId "733610"]
[BlackFideId "4103360"]
[WhiteElo "2211"]
[BlackElo "2324"]
[Result "1-0"]
[Round "07"]
[TimeControl "180+1"]
[Date "2022.11.16"]
[WhiteClock "0:00:13"]
[BlackClock "0:00:07"]

1. e4 Nc6 2. Nf3 d5 3. exd5 Qxd5 4. Nc3 Qa5 5. h3 Nh6 6. Bc4 Nf5 7. d3 Nfd4 8. Be3 e5 9. O-O Bb4 10. Nd5 Be6 11. Nxb4 Qxb4 12. c3 Nxf3+ 13. Qxf3 Qd6 14. Bxe6 Qxe6 15. d4 e4 16. Qg3 O-O-O 17. a4 Rdg8 18. a5 a6 19. Rfd1 Ne7 20. c4 g5 21. d5 Qd6 22. Qxd6 cxd6 23. Bd4 f5 24. Bxh8 Rxh8 25. b4 Kd7 26. Rac1 Ng6 27. c5 Ne5 28. Rc3 Rc8 29. Rd4 h5 30. Kf1 h4 31. f3 exf3 32. gxf3 Ng6 33. Rdc4 Nf4 34. Rd4 Nxh3 35. Rdc4 Nf4 36. c6+ bxc6 37. Rxc6 Rxc6 38. Rxc6 Nxd5 39. Rxa6 Nxb4 40. Ra7+ Kc6 41. Rf7 g4 42. f4 Nc2 43. Ke2 1-0


[Site "https://www.chess.com"]

[Event "Titled Tuesday Blitz November 15 Late 2022"]
[White "He, Samuel"]
[Black "Maksimovic, Bojan"]
[WhiteFideId "2087235"]
[BlackFideId "14408120"]
[WhiteElo "2621"]
[BlackElo "2447"]
[Result "0-1"]
[Round "07"]
[TimeControl "180+1"]
[Date "2022.11.15"]
[WhiteClock "0:01:07"]
[BlackClock "0:02:25"]

1. Nf3 g6 2. e4 Bg7 3. d4 d6 4. c3 Nf6 5. Bd3 Nc6 6. O-O O-O 7. d5 Nb8 8. h3 c6 9. c4 Na6 10. Nc3 Bd7 11. Re1 e5 12. dxe6 Bxe6 13. Nd4 Nc5 14. Nxe6 fxe6 15. Bf1 a5 16. e5 dxe5 17. Qxd8 Raxd8 18. Rxe5 Nd5 19. Rg5 Nxc3 20. Rxc5 Bd4 21. Rg5 Bxf2+ 22. Kh2 Ne4 23. Rg4 Bg3+ 24. Kg1 Rd1 0-1


[Site "https://www.chess.com"]

[Event "Titled Tuesday Blitz November 15 Late 2022"]
[White "Hristodoulou, Panagiotis"]
[Black "Bluebaum, Matthias"]
[WhiteFideId "4214340"]
[BlackFideId "24651516"]
[WhiteElo "2272"]
[BlackElo "2633"]
[Result "0-1"]
[Round "07"]
[TimeControl "180+1"]
[Date "2022.11.15"]
[WhiteClock "0:00:01"]
[BlackClock "0:00:05"]

1. e4 e6 2. d4 d5 3. Nc3 Nf6 4. Bg5 dxe4 5. Nxe4 Be7 6. Bxf6 gxf6 7. Nf3 f5 8. Nc3 a6 9. g3 b5 10. Bg2 Bb7 11. O-O O-O 12. Ne5 Bxg2 13. Kxg2 b4 14. Ne2 Nc6 15. Nxc6 Qd5+ 16. Kg1 Qxc6 17. Qd3 Rfd8 18. Rfd1 Bf6 19. Rac1 Qa4 20. b3 Qb5 21. Qe3 Rd6 22. Rd3 Rad8 23. Rcd1 Qa5 24. Nf4 Bg5 25. Qe5 Qxe5 26. dxe5 Rxd3 27. Rxd3 Rb8 28. Rd7 Bd8 29. Nd3 a5 30. Kf1 Kf8 31. Rd4 Ke8 32. Ke2 Rb5 33. Rc4 Kd7 34. f4 Be7 35. Rd4+ Kc8 36. Nb2 Rc5 37. Nc4 a4 38. Rd1 Rc6 39. Kf3 Ra6 40. g4 fxg4+ 41. Kxg4 axb3 42. axb3 Ra2 43. Rd2 Ra1 44. Rf2 Bc5 45. Rg2 Kb7 46. Nd2 Be3 47. Nf3 Rf1 48. Re2 Bc1 49. Re1 Rxe1 50. Nxe1 Kc6 51. Nd3 Bd2 52. f5 Kd5 53. fxe6 fxe6 54. Kh5 Kd4 55. Kg4 Kc3 56. Nc5 Kxc2 57. Nxe6 Kxb3 58. Nxc7 Kc4 59. e6 b3 60. e7 b2 61. e8=Q b1=Q 62. Qc6+ Kd4 63. Nb5+ Ke3 64. Qe6+ Kf2 65. Nd4 Qd1+ 66. Kh3 Qh5# 0-1


[Site "https://www.chess.com"]

[Event "Titled Tuesday Blitz November 15 Late 2022"]
[White "Indjic, Aleksandar"]
[Black "Madaminov, Mukhiddin"]
[WhiteFideId "911925"]
[BlackFideId "14210703"]
[WhiteElo "2592"]
[BlackElo "2341"]
[Result "0-1"]
[Round "07"]
[TimeControl "180+1"]
[Date "2022.11.15"]
[WhiteClock "0:00:14"]
[BlackClock "0:00:07"]

1. d4 Nf6 2. c4 g6 3. Nc3 d5 4. Nf3 Bg7 5. h4 dxc4 6. e4 c5 7. d5 b5 8. h5 O-O 9. hxg6 fxg6 10. e5 Ng4 11. d6 e6 12. Rxh7 Rf5 13. Ne4 Nd7 14. Bg5 Qe8 15. Be7 Bb7 16. Nfg5 Ngxe5 17. Rxg7+ Kxg7 18. Nxe6+ Kg8 19. N4g5 Rc8 20. f4 Nf7 21. Qg4 Nxg5 22. Nxg5 Nf6 23. Qh3 Rc7 24. Qe3 Rxe7 25. dxe7 Nd5 26. Qe6+ Kg7 27. O-O-O Bc8 28. Qd6 Qxe7 29. Rxd5 Qe3+ 30. Rd2 Rxf4 31. Qc7+ Kh6 32. Nf7+ Rxf7 33. Qxf7 Bf5 34. Qf8+ Kh7 35. Qd6 Bg4 36. a4 c3 37. bxc3 Qxc3+ 38. Rc2 Qa1+ 39. Kd2 Qd1+ 40. Ke3 Qxd6 41. Bxb5 Qd4# 0-1


[Site "https://www.chess.com"]

[Event "Titled Tuesday Blitz November 15 Late 2022"]
[White "Ivic, Velimir"]
[Black "Pranav, V"]
[WhiteFideId "950122"]
[BlackFideId "25060783"]
[WhiteElo "2625"]
[BlackElo "2430"]
[Result "0-1"]
[Round "07"]
[TimeControl "180+1"]
[Date "2022.11.15"]
[WhiteClock "0:00:06"]
[BlackClock "0:00:26"]

1. d4 Nf6 2. c4 e6 3. Nf3 Bb4+ 4. Bd2 Qe7 5. g3 Nc6 6. Bg2 Bxd2+ 7. Qxd2 Ne4 8. Qc2 Qb4+ 9. Nbd2 Nxd2 10. Qxd2 Qxc4 11. O-O O-O 12. Rac1 Qxa2 13. e4 d6 14. d5 exd5 15. exd5 Ne7 16. Nd4 Nxd5 17. Rfe1 c6 18. Be4 Nf6 19. Bg2 Qa6 20. Re7 Bd7 21. Nf3 Rfe8 22. Qxd6 Rxe7 23. Qxe7 Re8 24. Qd6 Qb6 25. b4 Bf5 26. Nd4 Rd8 27. Qe5 Qxd4 28. Qxf5 Qxb4 29. Rb1 Qe7 30. Qa5 b6 31. Qa6 c5 32. Ra1 h5 33. h4 Ng4 34. Bf3 Nf6 35. Kg2 g6 36. Qxa7 Qxa7 37. Rxa7 Rd6 38. Be2 Nd7 39. Rb7 Kf8 40. Bb5 Ne5 41. Rc7 Kg7 42. Rb7 Kf6 43. f4 Ng4 44. Bc4 Ne3+ 45. Kf3 Nxc4 46. Rxb6 0-1


[Site "https://www.chess.com"]

[Event "Titled Tuesday Blitz November 15 Late 2022"]
[White "Jiang, Andrew"]
[Black "Aggelis, Nikolaos"]
[WhiteFideId "30953510"]
[BlackFideId "4213220"]
[WhiteElo "1868"]
[BlackElo "2189"]
[Result "1-0"]
[Round "07"]
[TimeControl "180+1"]
[Date "2022.11.16"]
[WhiteClock "0:00:19"]
[BlackClock "0:00:17"]

1. e4 c5 2. Nf3 Nc6 3. d4 cxd4 4. Nxd4 Nf6 5. Nc3 e5 6. Ndb5 d6 7. Nd5 Nxd5 8. exd5 Nb8 9. c4 Be7 10. Be2 O-O 11. O-O a6 12. Nc3 f5 13. f3 Nd7 14. Be3 Bg5 15. Qd2 Bxe3+ 16. Qxe3 Qh4 17. f4 Re8 18. fxe5 Nxe5 19. Rf4 Qh6 20. Qd4 g5 21. Rf2 f4 22. Raf1 Bf5 23. c5 dxc5 24. Qxc5 Rad8 25. Rd1 g4 26. Qd4 Ng6 27. d6 Qg7 28. Bc4+ Kh8 29. Qxg7+ Kxg7 30. Rfd2 b5 31. Bb3 Ne5 32. Rd5 f3 33. gxf3 Nxf3+ 34. Kf2 Be6 35. R5d3 Bxb3 36. axb3 Rf8 37. Kg3 h5 38. Ne4 h4+ 39. Kxg4 Ne5+ 40. Kh3 Nxd3 41. Rxd3 Rf4 42. Nc5 Kf6 43. Nb7 Rd7 44. Nc5 Rd8 45. Nb7 Rb8 46. d7 Ke7 47. d8=Q+ Rxd8 48. Nxd8 Rb4 49. Nc6+ Ke6 50. Nxb4 Ke5 51. Kxh4 Ke4 52. Rc3 Kd4 53. Nc6+ Kd5 54. Kg5 a5 55. Nxa5 b4 56. Rc4 Kd6 57. h4 Ke6 58. h5 Kf7 59. h6 Kg8 60. Kg6 Kh8 61. Rc8# 1-0


[Site "https://www.chess.com"]

[Event "Titled Tuesday Blitz November 15 Late 2022"]
[White "Jimenez Almeida, Luis David"]
[Black "Nugumanov, Bakhtiyar"]
[WhiteFideId "22242244"]
[BlackFideId "13701797"]
[WhiteElo "2158"]
[BlackElo "2287"]
[Result "1-0"]
[Round "07"]
[TimeControl "180+1"]
[Date "2022.11.16"]
[WhiteClock "0:00:10"]
[BlackClock "0:00:02"]

1. e4 c6 2. Nc3 d5 3. Qf3 dxe4 4. Nxe4 Nf6 5. Bc4 Nbd7 6. d4 e5 7. Ng5 Bb4+ 8. c3 O-O 9. cxb4 e4 10. Qe2 Qe7 11. Bd2 Nb6 12. Bb3 h6 13. N5h3 Be6 14. Bxe6 Qxe6 15. Nf4 Qf5 16. Ngh3 g5 17. Nh5 Rae8 18. Nxf6+ Qxf6 19. Be3 Nd5 20. a3 Qf5 21. Qh5 Kg7 22. O-O f6 23. Rac1 Qe6 24. Bd2 f5 25. Rfe1 f4 26. Rc5 g4 27. Nxf4 Nxf4 28. Bxf4 Rxf4 29. Re5 Qg6 30. Qxg6+ 1-0


[Site "https://www.chess.com"]